 Dungeon Crawl Stone Soup version 0.29.0-4-gdea44cf6ec (webtiles) character file.

Game seed: 17649559805967848582

93 qw the Chopper (level 4, -3/26 HPs)
             Began as a Tengu Warper on Aug 28, 2022.
             Succumbed to a scorpion's poison
             ... on level 3 of the Dungeon.
             The game lasted 00:00:10 (1629 turns).

qw the Chopper (Tengu Warper)                       Turns: 1629, Time: 00:00:11

Health: -3/26      AC: 12    Str: 14    XL:     4   Next: 61%
Magic:  8/8        EV:  4    Int: 13    God:
Gold:   112        SH:  0    Dex: 13    Spells: 7/7 levels left

rFire   . . .      SeeInvis .   Y - +0 hand axe
rCold   . . .      Faith    .   (no shield)
rNeg    . . .      Spirit   .   g - +0 plate armour
rPois   .          Reflect  .   (helmet restricted)
rElec   .          Harm     .   f - +0 cloak
rCorr   .          Rampage  .   (no gloves)
Will    .....                   (boots unavailable)
Stlth   ..........              (no amulet)
HPRegen 0.08/turn               (no ring)
MPRegen 0.11/turn               (no ring)

@: lethally poisoned (-3 -> -28)
A: beak, talons 3
a: no special abilities


You were on level 3 of the Dungeon.
You visited 1 branch of the dungeon, and saw 3 of its levels.

You collected 112 gold pieces.


Innate Abilities, Weirdness & Mutations

You have a beak for a mouth.
You have claws for feet.


   Skills:
 - Level 2.0 Fighting
 + Level 4.5 Axes
 - Level 1.0 Throwing
 - Level 2.5 Armour
 - Level 2.1 Dodging
 - Level 2.0 Spellcasting
 - Level 2.4 Translocations


You had 7 spell levels left.
You didn't know any spells.
Your spell library contained the following spells:

 Spells                   Type           Power      Damage    Failure   Level
 Blink                    Tloc           14%        N/A       100%        2
 Gell's Gravitas          Tloc           7%         N/A       100%        3
 Lesser Beckoning         Tloc           7%         N/A       100%        3
 Teleport Other           Tloc           7%         N/A       100%        3
 Manifold Assault         Tloc           7%         N/A       100%        5

Inventory:

Hand Weapons
 e - a +0 mace
 Y - a +0 hand axe (weapon)
Armour
 f - a +0 cloak (worn)
 g - a +0 plate armour (worn)
Scrolls
 b - a scroll of identify
Potions
 a - a potion of curing
 c - a potion of flight {unknown}
 d - a potion of mutation {unknown}
 i - a potion of might
 l - a potion of magic {unknown}
 p - a potion of attraction {unknown}

Dungeon Overview and Level Annotations

Branches:
Dungeon (3/15)

Altars:

Annotations:
D:3 1 runed translucent door, Crazy Yiuf


Message History

You throw a javelin.
The javelin pierces through the scorpion.
The scorpion is moderately wounded.
You barely miss the scorpion.
The scorpion is moderately wounded.
The scorpion barely misses you. The scorpion stings you.
You are poisoned.
The scorpion poisons you!
You hit the scorpion but do no damage. You claw the scorpion.
Your peck misses the scorpion.
The scorpion is moderately wounded.
You feel very sick.
The scorpion stings you but does no damage.
You hit the scorpion but do no damage. You claw the scorpion.
The scorpion is heavily wounded.
You feel sick. The scorpion completely misses you.
You closely miss the scorpion.
The scorpion is heavily wounded.
You feel sick.
The scorpion stings you but does no damage. x2
You hit the scorpion.
You claw the scorpion, but do no damage.
You peck the scorpion, but do no damage.
The scorpion is severely wounded.
You feel sick. The scorpion stings you.
You are lethally poisoned!
The scorpion poisons you!
You hit the scorpion. Your peck misses the scorpion.
The scorpion is severely wounded.
You feel very sick. The scorpion barely misses you.
You closely miss the scorpion. Your kick misses the scorpion.
The scorpion is severely wounded.
You feel very sick. The scorpion stings you.
You are more poisoned.
The scorpion poisons you! The scorpion stings you.
You hit the scorpion. You peck the scorpion.
You kill the scorpion!
You die...

.......#%#.##.....#
#.##
.......[..........#
##.#
.##...............#
#.##
.....<...........<#
##.#
........#.........#
#+#
..##..###.........#
... . .....
.........# #...#
.....# .........#
#..)# ...#..
.......@## #####
.##.### .[.......#
. .. .........#
.........#
.........#
.........#
#.......##
##....(##


There were no monsters in sight!

Vanquished Creatures
  A scorpion (D:3)
  A hound (D:3)
  An orc wizard (D:3)
  2 worms (D:2)
  2 orcs (D:3)
  4 endoplasms
  A giant cockroach (D:2)
  3 hobgoblins
  4 jackals (D:2)
  A kobold (D:1)
  3 ball pythons
  6 bats
  4 frilled lizards
  2 goblins
35 creatures vanquished.

Vanquished Creatures (others)
  5 toadstools (D:3)
5 creatures vanquished.

Grand Total: 40 creatures vanquished

Notes
Turn   | Place    | Note
-------+----------+-------------------------------------------
     0 | D:1      | qw the Tengu Warper began the quest for the Orb.
     0 | D:1      | Reached XP level 1. HP: 12/12 MP: 4/4
     0 | D:1      | 0 ||| qw: Version: 0.1-a-89-g26bdef1
     0 | D:1      | 0 ||| qw: Game counter: 1071
     0 | D:1      | 0 ||| qw: Always use a shield: true
     0 | D:1      | 0 ||| qw: God list: Okawaru
     0 | D:1      | 0 ||| qw: Allow faded altars: false
     0 | D:1      | 0 ||| qw: Do Orc after D:15 true
     0 | D:1      | 0 ||| qw: Do second Lair branch before Depths: true
     0 | D:1      | 0 ||| qw: Lair rune preference: random
     0 | D:1      | 0 ||| qw: Plans: Normal
     0 | D:1      | 0 ||| PLANNING D:1-11
   207 | D:1      | 207 ||| Stepping ~*~*~tactically~*~*~ (stealth).
   208 | D:1      | 208 ||| Stepping ~*~*~tactically~*~*~ (stealth).
   210 | D:1      | 210 ||| Stepping ~*~*~tactically~*~*~ (stealth).
   211 | D:1      | 211 ||| Stepping ~*~*~tactically~*~*~ (stealth).
   218 | D:1      | 218 ||| Stepping ~*~*~tactically~*~*~ (stealth).
   219 | D:1      | 219 ||| Stepping ~*~*~tactically~*~*~ (stealth).
   220 | D:1      | 220 ||| Stepping ~*~*~tactically~*~*~ (stealth).
   221 | D:1      | 221 ||| Stepping ~*~*~tactically~*~*~ (stealth).
   222 | D:1      | 222 ||| Stepping ~*~*~tactically~*~*~ (stealth).
   285 | D:1      | Reached XP level 2. HP: 17/17 MP: 6/6
   316 | D:1      | Reached skill level 3 in Axes
   707 | D:1      | 707 ||| UPGRADING to +0 plate armour.
   717 | D:1      | 717 ||| DROPPING +0 leather armour.
   718 | D:1      | 718 ||| READING scroll labelled APOMAL ARU.
   719 | D:1      | 719 ||| READING 2 scrolls labelled AVVUDA CACRANU.
   720 | D:1      | 720 ||| READING scroll labelled KICOZX ETOYKHI.
   721 | D:1      | 721 ||| READING scroll labelled FAOJ WOCUH VERR.
   722 | D:1      | 722 ||| READING scroll labelled PONGA VELUFAOQE.
   723 | D:1      | 723 ||| DRINKING 2 sapphire potions.
   724 | D:1      | 724 ||| DROPPING scroll of blinking.
   725 | D:1      | 725 ||| DROPPING scroll of vulnerability.
   726 | D:1      | 726 ||| DROPPING potion of brilliance.
   865 | D:2      | Found a faded altar of an unknown god.
   973 | D:2      | Reached XP level 3. HP: 20/21 MP: 7/7
  1273 | D:2      | Reached skill level 4 in Axes
  1392 | D:2      | 1392 ||| UPGRADING to +0 cloak.
  1397 | D:2      | 1397 ||| READING scroll labelled POH QATURHOFFU.
  1398 | D:2      | 1398 ||| DRINKING 2 puce potions.
  1399 | D:2      | 1399 ||| READING 2 scrolls of identify.
  1399 | D:2      | 1399 ||| IDENTIFYING yellow potion
  1409 | D:3      | Reached XP level 4. HP: 25/26 MP: 8/8
  1424 | D:3      | 1424 ||| Stepping ~*~*~tactically~*~*~ (stealth).
  1425 | D:3      | 1425 ||| Stepping ~*~*~tactically~*~*~ (stealth).
  1428 | D:3      | 1428 ||| Stepping ~*~*~tactically~*~*~ (stealth).
  1430 | D:3      | 1430 ||| Stepping ~*~*~tactically~*~*~ (hiding).
  1431 | D:3      | 1431 ||| Stepping ~*~*~tactically~*~*~ (hiding).
  1515 | D:3      | 1515 ||| Stepping ~*~*~tactically~*~*~ (stealth).
  1564 | D:3      | Found a runed translucent door.
  1565 | D:3      | Noticed Crazy Yiuf
  1617 | D:3      | Noticed a scorpion
  1627 | D:3      | HP: 6/26 [poisoned by a scorpion]
  1628 | D:3      | HP: 2/26 [scorpion (1)]
  1629 | D:3      | Killed a scorpion
  1629 | D:3      | Succumbed to a scorpion's poison

Levels and vault maps discovered:
D:1:      dpeg_arrival_short_road, layout_basic
D:2:      layout_basic, hellmonk_ecumenical_altar_leap_of_faith,
          kennysheep_generic_room_15
D:3:      cheibrodos_fertilizer, layout_rooms, kennysheep_generic_room_9,
          uniq_crazy_yiuf_cottage

Skill      XL: |  1  2  3 |
---------------+----------+-----
Axes           | 3 4 |  4.5
Armour         | 2 |  2.5
Fighting       | |  2.0
Throwing       | |  1.0
Dodging        | |  2.1
Spellcasting   | |  2.0
Translocations | |  2.4

Action                   |  1- 3 |  4- 6 || total
-------------------------+-------+-------++-------
Melee: Hand axe          |    48 |    13 ||    61
       Kick              |     9 |     5 ||    14
       Peck              |     6 |     2 ||     8
Throw: Javelin           |    21 |     4 ||    25
       Boomerang         |     6 |     1 ||     7
  Use: Scroll            |     7 |       ||     7
       Potion            |     2 |       ||     2
Armor: Leather armour    |     3 |       ||     3
       Plate armour      |    25 |     5 ||    30
Dodge: Dodged            |    16 |     3 ||    19

Table legend:
 A = Non-vault XP
 B = Vault XP
 C = Vault XP percentage of total XP
 D = Non-vault monster count
 E = Vault monster count
 F = Vault count percentage of total count
                 A         B        C        D         E       F
            +---------+---------+-------+---------+---------+-------
      Total |     208 |       8 |   3.7 |      32 |       3 |   8.6
            +---------+---------+-------+---------+---------+-------
        D:1 |      13 |       0 |   0.0 |       9 |       0 |   0.0
        D:2 |      31 |       5 |  13.9 |      17 |       1 |   5.6
        D:3 |     164 |       3 |   1.8 |       6 |       2 |  25.0
            +---------+---------+-------+---------+---------+-------
